cohdb
Replays
Latest Replays
All Replays
Popular Replays
Top Player Replays
Match Explorer
How It Works
Community
CoH3 Stats
Reddit
Sign in to upload your games and track your stats! →
Sign in with Steam
Match 24324785
Unlisted
Match 24324785
Overview
Messages
Build Orders
End
Construct Barracks
Riflemen Squad
Riflemen Squad
Riflemen Squad
M1 Mortar Team
Construct Medical Station
Grenade Package
Riflemen Squad
Infantry Support Center
Selects Armored Battlegroup
Selects Veteran Crews
Construct Motor Pool
M1918 Browning Automatic Rifles
M1 Anti-tank Gun Team
Selects Field Repairs
Selects Strength in Steel
Riflemen Squad
Riflemen Squad
M1 Anti-tank Gun Team
Construct Tank Depot
M4(105) Sherman Bulldozer
Riflemen Squad
Selects Seek and Destroy
Selects UNKNOWN (2160077)
Engineer Squad
M4A3E8 Sherman Easy Eight
M4A3E8 Sherman Easy Eight
Mungo
Adam
iceman
insane
0
0
Comments
sign in to comment!
No comments posted yet!